 Dungeon Crawl Stone Soup version 0.26.0-57-g60708a5e39 (webtiles) character file.

Game seed: 10585346483911308997

22 kaeus the Ruffian (level 2, -3/24 HPs)
             Began as a Draconian Transmuter on Feb 1, 2021.
             Slain by a goblin (5 damage)
             ... led by Robin
             ... on level 1 of the Dungeon.
             The game lasted 00:00:53 (759 turns).

kaeus the Ruffian (Draconian Transmuter)             Turns: 759, Time: 00:00:54

Health: -3/24      AC:  4    Str: 12    XL:     2   Next: 68%
Magic:  4/5        EV: 12    Int: 13    God:
Gold:   45         SH:  0    Dex: 11    Spells: 4/5 levels left

rFire    . . .     SeeInvis .     - Unarmed
rCold    . . .     Faith    .   (no shield)
rNeg     . . .     Spirit   .   (armour unavailable)
rPois    .         Reflect  .   (helmet currently unavailable)
rElec    .         Harm     .   (no cloak)
rCorr    .         Rampage  .   (no gloves)
Will     .....                  (boots currently unavailable)
Stlth    +.........             (no amulet)
HPRegen  0.08/turn              (no ring)
MPRegen  0.09/turn              (no ring)

@: appendages (expiring)
A: unfitting armour, horns 2, talons 2, cold-blooded, AC +4
a: End Transformation


You were on level 1 of the Dungeon.
You had grown temporary horns.
You had grown temporary talons.
You visited 1 branch of the dungeon, and saw 2 of its levels.

You collected 45 gold pieces.

Inventory:

Scrolls
 e - 3 scrolls of identify {unknown}
Potions
 a - a potion of mutation {unknown}
 b - 3 potions of magic {unknown}
 c - a potion of haste {unknown}
 d - a potion of curing {unknown}


   Skills:
 + Level 2.2 Fighting
 - Level 1.7 Dodging
 + Level 3.5 Unarmed Combat
 - Level 2.0 Spellcasting
 - Level 2.0 Transmutations


You had 4 spell levels left.
You knew the following spells:

 Your Spells              Type           Power        Failure   Level
a - Beastly Appendage     Tmut           12%          11%         1

Your spell library contained the following spells:

 Spells                   Type           Power        Failure   Level
 Wereblood                Tmut           6%           17%         2
 Spider Form              Tmut/Pois      1%           45%         3
 Ice Form                 Ice/Tmut       3%           86%         4
 Blade Hands              Tmut           3%           97%         5


Dungeon Overview and Level Annotations

Branches:
Dungeon (2/15)

Altars:

Annotations:
D:1 Robin


Innate Abilities, Weirdness & Mutations

Your plain brown scales are hard. (AC +4)
You cannot fit into any form of body armour.
You are cold-blooded and may be slowed by cold attacks.
You have a pair of horns on your head.
You have razor-sharp toenails.


Message History

The hobgoblin completely misses you. The goblin hits you but does no damage.
Robin hits you but does no damage.
You hit Robin.
Robin is severely wounded.
The hobgoblin hits you but does no damage.
The hobgoblin closely misses you. The goblin barely misses you.
Robin roars a battlecry!
The goblins go into a battle-frenzy!
You hit Robin.
Robin is almost dead.
Your transformation is almost over.
The hobgoblin closely misses you. The hobgoblin hits you. The goblin hits you.
Robin hits you with a +0 dagger.
You take 7 damage, and have 8/24 hp.
MASSIVE DAMAGE!!
You closely miss Robin.
Robin is almost dead.
The hobgoblin hits you with a +0 club.
* * * LOW HITPOINT WARNING * * *
The hobgoblin barely misses you. The goblin hits you.
You die...

########### #####
#.........####....
#.#######.#....... #.#
#.#.##....
########g#######.#.##..^.
###.....#g@gg..............
#.....#.#g###..####..#.....
#.#+#.#.#g#.#..(.##..#.....
#.....#.#...#.##.##....#..#
#.....#...#[#.##......###.#
#....####.#.#..+......# #..
#....'....#.####......# ##.
#....######.#.........# #.
#....# #...........# ##


You could see Robin, 2 hobgoblins and 3 goblins.

Vanquished Creatures
  A dart slug (D:1)
  A leopard gecko (D:1)
  2 giant cockroaches (D:1)
  6 goblins (D:1)
  A hobgoblin (D:1)
  2 kobolds (D:1)
  A bat (D:1)
  2 frilled lizards (D:1)
  2 rats (D:1)
18 creatures vanquished.

Notes
Turn   | Place    | Note
-------+----------+-------------------------------------------
     0 | D:1      | kaeus the Draconian Transmuter began the quest for the Orb.
     0 | D:1      | Reached XP level 1. HP: 16/16 MP: 3/3
   184 | D:1      | Reached XP level 2. HP: 24/24 MP: 3/5
   733 | D:2      | Noticed Robin
   759 | D:1      | Slain by a goblin

Illustrated notes

Levels and vault maps discovered:
D:1:      minmay_arrival_hallway, layout_basic, minmay_door_square
D:2:      layout_loops_ring, serial_co_window_serial,
          co_window_of_opportunity_a, co_window_paths_a, co_window_corner_a,
          co_window_paths_a, co_window_paths_a, co_window_paths_a,
          co_window_paths_a, co_window_broadway_c, co_window_unsneaky_path_e,
          co_window_corner_b, co_window_broadway_b, glass_columns_a,
          glass_columns_a, glass_columns_a, minmay_misc_feat_enclosed,
          grunt_dithmenos_smoke, uniq_robin

Skill      XL: |  1  2 |
---------------+-------+-----
Fighting       | 2 |  2.2
Dodging        | |  1.7
Unarmed Combat | |  3.5
Spellcasting   | |  2.0
Transmutations | |  2.0

Action                   || total
-------------------------++-------
Melee: Unarmed           ||    39
       Kick              ||     7
       Tailslap          ||     4
       Headbutt          ||     4
       Punch             ||     1
 Cast: Beastly Appendage ||    12
Armor: Skin              ||    13
Dodge: Dodged            ||    34
